 Dungeon Crawl Stone Soup version 0.22-a0-322-g60b3cfd (webtiles) character file.

6 GameOver the Sneak (level 1, -1/15 HPs)
             Began as a Naga Wizard on Apr 4, 2018.
             Slain by a jackal (2 damage)
             ... on level 1 of the Dungeon.
             The game lasted 00:01:54 (162 turns).

GameOver the Sneak (Naga Wizard)                     Turns: 162, Time: 00:01:55

Health: -1/15      AC:  1    Str:  9    XL:     1   Next: 90%
Magic:  2/4        EV: 10    Int: 18    God:
Gold:   7          SH:  0    Dex:  9    Spells: 5/6 levels left

rFire    . . .     SeeInvis +   f - +0 club
rCold    . . .     Gourm    .   (no shield)
rNeg     . . .     Faith    .   a - +0 robe
rPois    +         Spirit   .   b - +0 hat
rElec    .         Reflect  .   (no cloak)
rCorr    .         Harm     .   (no gloves)
MR       .....                  (no barding)
Stlth    ++........             (no amulet)
HPRegen  0.05/turn              (no ring)
MPRegen  0.09/turn              (no ring)

@: short of breath, very slow
A: large, see invisible, deformed body, poison resistance, slowness 2, slow
metabolism 1, spit poison 1, AC +0
a: Spit Poison


You were on level 1 of the Dungeon.
You were not hungry.

You visited 1 branch of the dungeon, and saw 1 of its levels.

You collected 7 gold pieces.

Inventory:

Hand Weapons
 f - a +0 club (weapon)
Armour
 a - a +0 robe (worn)
 b - a +0 hat (worn)
Scrolls
 c - a scroll of fog {unknown}
 e - a scroll of fear {unknown}
Comestibles
 d - a ration


   Skills:
 + Level 0.1 Fighting
 - Level 1.5 Dodging
 + Level 3.3 Stealth
 - Level 3.0 Spellcasting
 * Level 1.5 Conjurations
   Level 1.0 Summonings
   Level 1.0 Translocations


You had 5 spell levels left.
You knew the following spells:

 Your Spells              Type           Power        Failure   Level  Hunger
a - Magic Dart            Conj           #...         9%          1    None


Dungeon Overview and Level Annotations

Branches:
Dungeon (1/15)

Altars:


Innate Abilities, Weirdness & Mutations

You cannot wear boots.
Your serpentine skin is tough. (AC +0)
You have supernaturally acute eyesight. (SInv)
Armour fits poorly on your strangely shaped body.
Your system is resistant to poisons. (rPois)
You cover ground very slowly.
You have a slow metabolism.
You can spit poison.


Message History

Confirm with . or Enter, or press ? or * to list all spells.
Aiming: Magic Dart (safe; 9% risk of failure)
Press: ? - help, Shift-Dir - straight line, f/p - jackal
Aim: a jackal The magic dart hits the jackal.
The jackal bites you. The jackal closely misses you.
The jackal barely misses you. The jackal misses you.
The jackal barely misses you. The jackal bites you. The jackal bites you. x2
You have got your breath back.
The jackal closely misses you. The jackal bites you.
Press: ? - help, Shift-Dir - straight line, f/p - jackal
Aim: a jackal The splash of poison misses the jackal.
You feel slightly more hungry. The jackal bites you.
* * * LOW HITPOINT WARNING * * *
The jackal closely misses you. The jackal barely misses you.
The jackal bites you.
* * * LOW HITPOINT WARNING * * *
The jackal completely misses you. The jackal bites you.
You die...

# ####†#....... #. #.#.....)....
####†.###.#......(...#
......^...#..........#
....#.##..#..........### . #
#..#............# #..# #......#
... .#hh# #......#
######.#####.#.@#######.....(#
#≈≈≈≈♣≈♣≈≈≈#.#........#.....(###
#≈..P...P.≈#.##.#####.###.#...†.
#≈.PPP.PPP≈#.##.# ###.###.#.####
#≈..P...P.≈#..#.# #....##.#.#
.#♣♣.......♣#..#.# #....##.#.#
.......<.......#.# #.......#.#
##♣♣.......♣#..#.# #....####.#
#≈..P...♣.≈#....###.........#


You could see 2 jackals.

Vanquished Creatures
  A hobgoblin (D:1)
  2 jackals (D:1)
  2 kobolds (D:1)
  A rat (D:1)
6 creatures vanquished.

Notes
Turn   | Place    | Note
-------+----------+-------------------------------------------
     0 | D:1      | GameOver the Naga Wizard began the quest for the Orb.
     0 | D:1      | Reached XP level 1. HP: 15/15 MP: 4/4
   162 | D:1      | Slain by a jackal

Vault maps used:
D:1:      ldierk_walled_garden, minmay_pentomino_w4

Action                   || total
-------------------------++-------
 Cast: Magic Dart        ||     8
 Abil: Spit Poison       ||    10
Dodge: Dodged            ||    14

Table legend:
 A = Spawn XP
 B = Non-spawn XP
 C = Spawn XP percentage of total XP
 D = Spawn monster count
 E = Non-spawn monster count
 F = Spawn count percentage of total count
 G = Total turns spent on level
                    A         B        C        D         E        F      G
               +---------+---------+-------+---------+---------+-------+---------
         Total |       0 |       9 |   0.0 |       0 |       6 |   0.0 |   162
               +---------+---------+-------+---------+---------+-------+---------
           D:1 |       0 |       9 |   0.0 |       0 |       6 |   0.0 |   162
               +---------+---------+-------+---------+---------+-------+---------
